 Dungeon Crawl Stone Soup version 0.28.0-45-g0d030f2227 (webtiles) character file.

Game seed: 10681592842373475116

224 zeratav the Insei (level 6, -1/41 HPs)
             Began as an Octopode Transmuter on Apr 8, 2022.
             Slain by Pargi (4 damage)
             ... on level 2 of the Dungeon.
             The game lasted 00:05:28 (3895 turns).

zeratav the Insei (Octopode Transmuter)             Turns: 3895, Time: 00:05:28

Health: -1/41      AC:  1    Str:  9    XL:     6   Next: 0%
Magic:  8/9        EV: 14    Int: 16    God:
Gold:   139        SH:  0    Dex: 14    Spells: 8/9 levels left

rFire   . . .      SeeInvis .   e - +2 club (spect) {mace}
rCold   . . .      Faith    .   (no shield)
rNeg    . . .      Spirit   .   (helmet currently unavailable)
rPois   .          Reflect  .   c - amulet of the acrobat
rElec   .          Harm     .   (no ring)
rCorr   .          Rampage  .   (no ring)
Will    .....                   (no ring)
Stlth   +++.......              (no ring)
HPRegen 0.13/turn               (no ring)
MPRegen 0.11/turn               (no ring)
                                (no ring)
                                (no ring)

@: appendages (expiring)
A: tentacle spike 3, almost no armour, amphibious, 8 rings, camouflage 1,
gelatinous body 1, (nimble swimmer 1), tentacles
a: End Transformation


You were on level 2 of the Dungeon.
One of your tentacles had grown a beastly spike.
You visited 1 branch of the dungeon, and saw 3 of its levels.

You collected 139 gold pieces.


Innate Abilities, Weirdness & Mutations

One of your tentacles has grown a beastly spike.
You cannot wear most types of armour.
You are amphibious.
You can wear up to eight rings at the same time.
Your skin changes colour to match your surroundings (Stealth+).
Your rubbery body absorbs attacks. (AC +1, EV +1)
((You are camouflaged when in or above water. (Stealth+)))
You have tentacles for arms and can constrict up to eight enemies at once.


   Skills:
 + Level 2.5 Fighting
 + Level 3.1 Dodging
 + Level 3.4 Stealth
 * Level 4.6 Unarmed Combat
 - Level 2.0 Spellcasting
 - Level 2.0 Transmutations


You had 8 spell levels left.
You knew the following spells:

 Your Spells              Type           Power      Damage    Failure   Level
a - Beastly Appendage     Tmut           16%        N/A       9%          1

Your spell library contained the following spells:

 Spells                   Type           Power      Damage    Failure   Level
 Wereblood                Tmut           8%         N/A       14%         2
 Foxfire                  Conj/Fire      4%         2x1d4     21%         1
 Summon Small Mammal      Summ           4%         N/A       21%         1
 Spider Form              Tmut/Pois      4%         N/A       38%         3
 Call Canine Familiar     Summ           1%         N/A       52%         3
 Conjure Flame            Conj/Fire      1%         6-21      52%         3
 Inner Flame              Hex/Fire       1%         N/A       52%         3
 Stone Arrow              Conj/Erth      2%         3d7       52%         3
 Summon Guardian Golem    Hex/Summ       1%         N/A       52%         3
 Ice Form                 Ice/Tmut       4%         N/A       80%         4
 Flame Wave               Conj/Fire      1%         2d4       90%         4
 Lehudib's Crystal Spear  Conj/Erth      0%         10d2      100%        8
 Animate Armour           Summ/Erth      Unusable   N/A       N/A         4

Inventory:

Hand Weapons
 e - a +2 spectral club (weapon) {mace}
   (You took it off Robin on level 2 of the Dungeon)
Jewellery
 c - an amulet of the acrobat (around mantle)
   (You found it on level 1 of the Dungeon)
Scrolls
 b - a scroll of fog {unknown}
 d - a scroll of vulnerability {unknown}
Potions
 a - a potion of curing {unknown}
 f - a potion of flight {unknown}
 g - a potion of attraction {unknown}
 h - a potion of invisibility {unknown}

Dungeon Overview and Level Annotations

Branches:
Dungeon (3/15)

Altars:
Qazlal

Annotations:
D:2 Pargi
D:3 Sigmund

..###.............##.##.# #...#.#
..###############.##.##.# #.###.#
#.......#....†....##..#.# #...#..
#.#####.#.###########.#.# ###.###
#.## #.#...# #...# #.### ...#
#...#.# ##..# #.... ...#
###.#.##########.>#########
...######.#.........###.#.......#
..........#....T@...# #.#.#####.#
†#.#.#.#..##...(....# #.#.# ##'#
..........##........# #...# #...
.#.#.#.#..##........# ########...
.........<#####.##### #......#...
.#.#.#.#......#.# #......#...
..............'.# #####......#...
.#.#.#.#......### #.............#
..............# #.....###'#####


You could see Pargi and a friendly +2 spectral club {mace} (summoned).


Message History

One of your tentacles grows a vicious spike.
MP[-1]
You lost 1 mp, and now have 7/8 mp.
Found a stone staircase leading up.
The dart slug launches a dart at you. The slug dart misses you.
You hit the dart slug. You grab the dart slug.
Your +2 spectral club {mace} hits the dart slug.
You constrict the dart slug. The dart slug misses you.
You hit the dart slug.
You pierce the dart slug, but do no damage.
Your +2 spectral club {mace} hits the dart slug!
You kill the dart slug!
You have reached level 6!
HP[+6]
You now have 41 max hp (+6).
Your hp is fully restored (41).
Your transformation is almost over.
Your tentacle spike disappears.
You now have 139 gold pieces (gained 10).
Found a stone staircase leading down.
MP[+2]
Your mp is fully restored (9).
There is a stone staircase leading down here.
Pargi the Meek comes into view.
One of your tentacles grows a vicious spike.
MP[-1]
You lost 1 mp, and now have 8/9 mp.
Found an escape hatch in the ceiling.
Sigmund the Dreaded comes into view.
He is wielding a +0 scythe.
Your transformation is almost over.
Pargi shouts!
You hear a shout!
A frilled lizard comes into view.
You open the door.
Sigmund shouts!
MP[+1]
Your mp is fully restored (9).
Sigmund points at you and mumbles some strange words.
You resist with some effort.
Sigmund flickers, as though insubstantial.
Sigmund mumbles some strange words.
Sigmund flickers and vanishes!
Deactivating autopickup; reactivate with Ctrl-A.
Your tentacle spike disappears.
There is a stone staircase leading down here.
You open the door.
Pargi snarls, "My home!
Leave!"
Pargi barely misses you. Pargi completely misses you. Pargi barely misses you.
There is an open door here.
There is an escape hatch in the ceiling here.
Pargi bites you. Pargi misses you. Pargi claws you.
A mysterious force pulls you upwards. The hatch slams shut behind you.
Reactivating autopickup.
HP[-5]
You take 5 damage, and now have 36/41 hp.
One of your tentacles grows a vicious spike.
Pargi bites you! Pargi closely misses you. Pargi claws you.
HP[-10] MP[-1]
You take 10 damage, and now have 26/41 hp.
MASSIVE DAMAGE!! (PAUSE)
You lost 1 mp, and now have 8/9 mp.
You barely miss Pargi. Your squeeze misses Pargi.
Your +2 spectral club {mace} hits Pargi!
Pargi barely misses you. Pargi claws you. x2
HP[-4]
You take 4 damage, and now have 22/41 hp.
You hit Pargi.
You pierce Pargi, but do no damage.
Your +2 spectral club {mace} hits Pargi.
Pargi bites you.
* * * LOW HITPOINT WARNING * * *
Pargi closely misses you. Pargi completely misses you. Pargi barely misses you.
Pargi claws you.
* * * LOW HITPOINT WARNING * * *
Pargi claws you.
* * * LOW HITPOINT WARNING * * *
HP[-6]
You take 6 damage, and now have 16/41 hp.
You miss Pargi. Your squeeze misses Pargi.
Your +2 spectral club {mace} hits Pargi.
Pargi bites you.
* * * LOW HITPOINT WARNING * * *
Pargi claws you.
* * * LOW HITPOINT WARNING * * *
Pargi claws you.
* * * LOW HITPOINT WARNING * * *
HP[-5]
You take 5 damage, and now have 11/41 hp.
You hit Pargi.
You pierce Pargi, but do no damage.
Your tentacle-slap misses Pargi.
Your +2 spectral club {mace} hits Pargi!
Your transformation is almost over.
Pargi looks around nervously.
Pargi barely misses you. Pargi closely misses you. Pargi misses you.
You hit Pargi.
Your tentacle spike misses Pargi.
Your squeeze misses Pargi.
Your +2 spectral club {mace} closely misses Pargi.
Pargi bites you.
* * * LOW HITPOINT WARNING * * *
Pargi claws you but does no damage. Pargi claws you.
* * * LOW HITPOINT WARNING * * *
Pargi bites you.
You die...

Skill      XL: |  1  2  3  4  5 |
---------------+----------------+-----
Stealth        | 1 2 3 |  3.4
Unarmed Combat | 4 |  4.6
Fighting       | 2 |  2.5
Dodging        | 3 |  3.1
Spellcasting   | |  2.0
Transmutations | |  2.0

Action                   |  1- 3 |  4- 6 || total
-------------------------+-------+-------++-------
Melee: Unarmed           |    92 |    26 ||   118
       Constrict         |    27 |    17 ||    44
       Kick              |    20 |    17 ||    37
       Tentacles         |    17 |    10 ||    27
       Punch             |     2 |     3 ||     5
       Club              |       |    34 ||    34
 Cast: Beastly Appendage |    21 |    21 ||    42
 Stab: Sleeping          |     4 |     5 ||     9
Armor: Skin              |     6 |     2 ||     8
Dodge: Dodged            |    76 |    44 ||   120

Levels and vault maps discovered:
D:1:      dpeg_arrival_tiny_a, layout_loops_ring, serial_bayou_pond_d,
          minmay_pentomino_w4
D:2:      layout_basic, serial_glass, glass_columns_a, glass_columns_c,
          minmay_cupped, uniq_natasha, uniq_crazy_yiuf_cottage, uniq_robin
D:3:      corexii_shack_village, layout_basic, nicolae_qazlal_scattered_showers,
          gammafunk_ghost_cemetery, minmay_bisected, uniq_sigmund, uniq_terence,
          uniq_pargi

Notes
Turn   | Place    | Note
-------+----------+-------------------------------------------
     0 | D:1      | zeratav the Octopode Transmuter began the quest for the
                  | Orb.
     0 | D:1      | Reached XP level 1. HP: 13/13 MP: 3/3
     0 | D:1      | magus.rc [v1.9.6]
    35 | D:1      | Reached XP level 2. HP: 7/18 MP: 5/5
    37 | D:1      | HP: 4/18 [constriction (1)]
    43 | D:1      | Reached skill level 1 in Stealth
   452 | D:1      | You pick up a book of Callings and begin reading...
   452 | D:1      | You add the spells Summon Small Mammal, Call Canine
                  | Familiar and Summon Guardian Golem to your library.
   699 | D:1      | You pick up a book of Flames and begin reading...
   699 | D:1      | You add the spells Foxfire, Conjure Flame, Inner Flame and
                  | Flame Wave to your library.
   712 | D:1      | Reached XP level 3. HP: 22/23 MP: 4/6
   966 | D:1      | HP: 5/23 [hobgoblin (4)]
  1519 | D:2      | Reached skill level 2 in Stealth
  1931 | D:2      | You pick up a book of Armaments and begin reading...
  1931 | D:2      | You add the spells Stone Arrow and Lehudib's Crystal Spear
                  | to your library.
  1999 | D:2      | Reached XP level 4. HP: 29/29 MP: 7/7
  2003 | D:2      | You pick up a book of Callings and begin reading...
  2069 | D:2      | Noticed Robin
  2076 | D:2      | Killed Robin
  2084 | D:2      | HP: 5/29 [goblin/+0 club[Robin] (3)]
  2088 | D:2      | Reached skill level 4 in Unarmed Combat
  2489 | D:2      | Found a runed translucent door.
  2490 | D:2      | Noticed Crazy Yiuf
  2701 | D:2      | Noticed Natasha
  2704 | D:2      | Killed Natasha
  2705 | D:2      | Reached skill level 2 in Fighting
  2705 | D:2      | Reached XP level 5. HP: 19/34 MP: 8/8
  3079 | D:2      | Killed Crazy Yiuf
  3080 | D:2      | Reached skill level 3 in Stealth
  3221 | D:2      | Noticed Natasha
  3226 | D:2      | Killed Natasha
  3227 | D:2      | Reached skill level 3 in Dodging
  3499 | D:2      | Noticed Natasha
  3505 | D:2      | Killed Natasha
  3741 | D:3      | Found a stormy altar of Qazlal.
  3822 | D:3      | Reached XP level 6. HP: 41/41 MP: 7/9
  3862 | D:3      | Noticed Pargi
  3866 | D:3      | Noticed Sigmund
  3895 | D:2      | HP: 5/41 [Pargi (6)]
  3895 | D:2      | Slain by Pargi

Vanquished Creatures
  Crazy Yiuf (D:2)
  Natasha (thrice) (D:2)
  Robin (D:2)
  2 adders
  2 worms (D:2)
  4 dart slugs
  5 endoplasms
  2 giant cockroaches
  11 goblins
  8 hobgoblins
  10 jackals
  5 kobolds
  6 quokkas
  7 ball pythons
  2 bats
  8 rats
77 creatures vanquished.

Table legend:
 A = Non-vault XP
 B = Vault XP
 C = Vault XP percentage of total XP
 D = Non-vault monster count
 E = Vault monster count
 F = Vault count percentage of total count
                 A         B        C        D         E       F
            +---------+---------+-------+---------+---------+-------
      Total |     191 |     130 |  40.5 |      53 |      24 |  31.2
            +---------+---------+-------+---------+---------+-------
        D:1 |      46 |      14 |  23.3 |      26 |       6 |  18.8
        D:2 |     126 |     112 |  47.1 |      24 |      16 |  40.0
        D:3 |      19 |       4 |  17.4 |       3 |       2 |  40.0
            +---------+---------+-------+---------+---------+-------

Illustrated notes

Table legend:
 A = Kills in this place as a percentage of kills in entire the game.
 B = Kills by you in this place as a percentage of kills by you in the entire game.
 C = Kills by friends in this place as a percentage of kills by friends in the entire game.
 D = Other kills in this place as a percentage of other kills in the entire game.
 E = Experience gained in this place as a percentage of experience gained in the entire game.
 F = Experience gained in this place divided by the number of levels of this place that you have seen.
                   A       B       C       D       E      F
               +-------+-------+-------+-------+-------+----------------------
         Total | 100.0 | 100.0 |   N/A |   N/A | 100.0 | 107.0
       Dungeon | 100.0 | 100.0 |   N/A |   N/A | 100.0 | 107.0
               +-------+-------+-------+-------+-------+----------------------

Table legend: (Time is in decaauts)
 A = Elapsed time spent in this place.
 B = Non-inter-level travel time spent in this place.
 C = Inter-level travel time spent in this place.
 D = Time resting spent in this place.
 E = Time spent auto-exploring this place.
 F = Levels seen in this place.
 G = Mean time per level.
                   A        B        C        D        E       F      G
               +--------+--------+--------+--------+--------+-----+--------+
         Total |   3897 |   3406 |    491 |    280 |   2630 |   3 | 1299.0 |
       Dungeon |   3897 |   3406 |    491 |    280 |   2630 |   3 | 1299.0 |
               +--------+--------+--------+--------+--------+-----+--------+

Top non-repeatable levels by time:
     D:2: 2216 daAuts
     D:1: 1492 daAuts
     D:3: 188 daAuts
